 Dungeon Crawl Stone Soup version 0.29.0-5-ge4962eb29e (webtiles) character file.

Game seed: 14923546790393839860

168 Arcadio the Covered (level 5, 0/34 HPs)
             Began as a Gargoyle Fighter on Aug 28, 2022.
             Killed by divine providence
             ... invoked by an orc priest
              (19 damage)
             ... on level 3 of the Dungeon.
             The game lasted 00:07:48 (2149 turns).

Arcadio the Covered (Gargoyle Fighter)              Turns: 2149, Time: 00:07:49

Health: 0/34       AC: 14    Str: 19    XL:     5   Next: 49%
Magic:  5/5        EV:  9    Int:  9    God:
Gold:   110        SH:  4    Dex: 11    Spells: 4/4 levels left

rFire   . . .      SeeInvis +   a - +0 flail
rCold   . . .      Faith    .   c - +0 buckler
rNeg    + . .      Spirit   .   b - +0 scale mail
rPois   ∞          Reflect  .   h - +0 helmet
rElec   +          Harm     +   (no cloak)
rCorr   .          Rampage  .   (no gloves)
Will    .....                   j - +1 pair of boots of Ukhlalyos {Harm Will- SInv Stlth+}
Stlth   +.........              (no amulet)
HPRegen 0.11/turn               (no ring)
MPRegen 0.09/turn               (no ring)

@: no status effects
A: sickness immunity, AC +4, negative energy resistance 1, electricity
resistance, torment resistance 1, petrification resistance
a: no special abilities


You were on level 3 of the Dungeon.
You visited 1 branch of the dungeon, and saw 3 of its levels.

You collected 110 gold pieces.

Inventory:

Hand Weapons
 a - a +0 flail (weapon)
Missiles
 k - a throwing net (quivered)
Armour
 b - a +0 scale mail (worn)
 c - a +0 buckler (worn)
 h - a +0 helmet (worn)
 j - the +1 pair of boots of Ukhlalyos (worn) {Harm Will- SInv Stlth+}
   (You found it on level 2 of the Dungeon)

   SInv:      It lets you see invisible.
   Harm:      It increases damage dealt and taken.
   Will:      It decreases your willpower.
   Stlth:     It makes you more stealthy.
Scrolls
 e - 2 scrolls of identify
 g - a scroll of butterflies
 n - a scroll of teleportation
Potions
 f - a potion of mutation
 i - a potion of degeneration
 l - a potion of attraction
 m - a potion of heal wounds
 o - a potion of curing


   Skills:
 + Level 4.6 Fighting
 + Level 3.5 Maces & Flails
 + Level 4.6 Armour
 - Level 3.3 Shields


You had 4 spell levels left.
You didn't know any spells.
Your spell library contained the following spells:

 Spells                   Type           Power      Damage    Failure   Level
 Ozocubu's Armour         Ice            0%         N/A       99%         3
 Ozocubu's Refrigeration  Ice            0%         4d7       100%        7


Dungeon Overview and Level Annotations

Branches:
Dungeon (3/15) Zot: 15770

Altars:
Makhleb


Innate Abilities, Weirdness & Mutations

You are immune to sickness and miasma.
Your stone body is resilient. (AC +4)
You are immune to poison.
You resist negative energy. (rN+)
You are resistant to electric shocks. (rElec)
You are resistant to unholy torment.
You are immune to petrification.


Message History

The orc throws a boomerang.
The boomerang barely misses you.
The orc throws a boomerang.
The boomerang hits you.
Items here: ( )) ? †.
The orc throws a boomerang.
The boomerang closely misses you.
The orc throws a boomerang.
You block the boomerang.
You barely miss the orc. You block the orc's attack.
You closely miss the orc. You block the orc's attack.
You closely miss the orc. The orc hits you with a +0 flail!
An orc comes into view. It is wielding a +0 short sword.
The orc hits you but does no damage.
You closely miss the orc.
The orc shouts!
The orc hits you but does no damage.
You hit the orc.
The orc is severely wounded.
The orc hits you but does no damage.
You closely miss the orc.
The orc is severely wounded.
The orc misses you.
You hit the orc.
The orc is almost dead.
The orc barely misses you. The orc closely misses you.
Unknown command.
You barely miss the orc.
The orc is almost dead.
An orc priest comes into view.
It is wielding a +0 hand axe of flaming.
The orc hits you with a +0 flail.
You barely miss the orc.
The orc is almost dead.
The orc priest shouts!
The orc hits you with a +0 flail.
You barely miss the orc.
The orc is almost dead.
The orc hits you with a +0 flail.
You hit the orc.
You kill the orc!
The orc priest mumbles some strange prayers to Beogh against you.
Beogh smites you!
Ouch! That really hurt!
You die...

#.# #### #.. #. #.#
#.####.. ..# #.# #.#
#......# #.###o### #.#
#.# #....... #.# #@#
#.....## #.# #)#
#......§.
#.########o#####..≈§≈≈§§
##.##......o...)...≈S..§
#...#.########.#...≈.≈≈≈.
######.....###
#.##..≈.≈...
..[..............
..###.≈.≈._.
#####################
.≈.≈... ...≈≈≈≈


You could see an orc priest and an orc.

Vanquished Creatures
  Natasha (thrice) (D:2)
  5 gnolls
  A dart slug (D:1)
  2 orcs (D:3)
  5 bats
  3 endoplasms (D:1)
  4 giant cockroaches
  8 goblins
  3 hobgoblins (D:1)
  2 jackals (D:1)
  5 ball pythons
  2 frilled lizards (D:1)
  2 kobolds
  5 rats
50 creatures vanquished.

Notes
Turn   | Place    | Note
-------+----------+-------------------------------------------
     0 | D:1      | Arcadio the Gargoyle Fighter began the quest for the Orb.
     0 | D:1      | Reached XP level 1. HP: 14/14 MP: 1/1
   458 | D:1      | Reached XP level 2. HP: 19/19 MP: 2/2
   582 | D:1      | Reached XP level 3. HP: 23/24 MP: 3/3
  1232 | D:2      | Identified the +1 pair of boots of Ukhlalyos {Harm Will-
                  | SInv Stlth+}
  1247 | D:2      | Reached XP level 4. HP: 27/29 MP: 4/4
  1503 | D:2      | Noticed Natasha
  1515 | D:2      | Killed Natasha
  1691 | D:2      | Noticed Natasha
  1702 | D:2      | Killed Natasha
  1703 | D:2      | Reached XP level 5. HP: 31/34 MP: 5/5
  1781 | D:2      | Noticed Natasha
  1790 | D:2      | Killed Natasha
  2120 | D:3      | Found a burning altar of Makhleb.
  2149 | D:3      | Killed from afar by an orc priest

Illustrated notes

Levels and vault maps discovered:
D:1:      dpeg_arrival_connections, layout_basic
D:2:      layout_basic, uniq_natasha
D:3:      layout_loops_ring, mainiacjoe_overflow_concentric_impassable,
          serial_shops, nicolae_diamond_shop,
          hellmonk_ecumenical_altar_dog_temple

Skill      XL: |  1  2  3  4 |
---------------+-------------+-----
Armour         | 4 |  4.6
Fighting       | 4 |  4.6
Maces & Flails | 3 |  3.5
Shields        | |  3.3

Action                   |  1- 3 |  4- 6 || total
-------------------------+-------+-------++-------
Melee: Flail             |   105 |    55 ||   160
  Use: Potion            |       |     2 ||     2
       Scroll            |       |     6 ||     6
Armor: Scale mail        |    70 |    25 ||    95
Dodge: Dodged            |    55 |    27 ||    82
Block: Buckler           |    33 |    12 ||    45
